 Dungeon Sprint DCSS version 0.24-a0-312-g16217b4a02 (webtiles) character file.

Game seed: 529919204376012887

2400000 Hercules1031 the Axe Maniac (level 19, -47/189 HPs)
             Began as a Demonspawn Warper on May 15, 2019.
             Was a High Priest of Makhleb.
             Annihilated by a meat berserker
             ... wielding a +9 battleaxe
              (75 damage)
             ... in the Dungeon (Sprint VIII: "Arena of Blood").
             The game lasted 00:01:40 (24 turns).

Hercules1031 the Axe Maniac (Demonspawn Warper)       Turns: 24, Time: 00:01:41

Health: -47/189    AC:  6    Str: 12    XL:     19   Next: 42%
Magic:  22/34      EV: 35    Int: 16    God:    Makhleb [*****.]
Gold:   0          SH:  0    Dex: 19    Spells: 22/22 levels left

rFire    . . .     SeeInvis .     - Unarmed
rCold    . . .     Gourm    .   (no shield)
rNeg     . . .     Faith    .   b - +0 leather armour
rPois    .         Spirit   .   (helmet unavailable)
rElec    .         Reflect  .   (no cloak)
rCorr    .         Harm     .   (no gloves)
MR       +....     NoTele   +   (no boots)
Stlth    +++++++...             (no amulet)
HPRegen  10.41/turn             (no ring)
MPRegen  0.24/turn              (no ring)

@: no status effects
A: horns 3, demonic guardian 2, powered by death 3, sturdy frame 3
a: Minor Destruction, Lesser Servant of Makhleb, Major Destruction, Greater
Servant of Makhleb, Renounce Religion


You were in the Dungeon.
You worshipped Makhleb.
Makhleb was extremely pleased with you.
You were not hungry.

You visited 1 branch

Inventory:

Hand Weapons
 a - a +0 hand axe
Missiles
 e - 5 boomerangs of dispersal (quivered)
Armour
 b - a +0 leather armour (worn)
Scrolls
 d - 2 scrolls of blinking
Potions
 g - a potion of curing
 h - a potion of heal wounds
 i - a potion of haste
 j - 2 potions of magic
 k - a potion of berserk rage
Comestibles
 f - a ration


   Skills:
 O Level 27 Fighting
 O Level 27 Axes
 - Level 0.8 Throwing
 O Level 27 Armour
 O Level 27 Dodging
 + Level 18.0 Stealth
 + Level 16.5 Unarmed Combat
 - Level 2.0 Spellcasting
   Level 2.6 Translocations
 + Level 22.0 Invocations


You had 22 spell levels left.
You didn't know any spells.
Your spell library contained the following spells:

 Spells                   Type           Power        Failure   Level  Hunger
 Blink                    Tloc           N/A          11%         2    ###....
 Shroud of Golubria       Chrm/Tloc      #.........   19%         2    ###....
 Gell's Gravitas          Tloc           ##........   21%         3    ###....
 Lesser Beckoning         Tloc           ##........   21%         3    ###....
 Teleport Other           Tloc           ##......     21%         3    ###....
 Passage of Golubria      Tloc           N/A          56%         4    #####..


Dungeon Overview and Level Annotations

Branches:
Dungeon (1/1)

Altars:
Makhleb


Innate Abilities, Weirdness & Mutations

You have a pair of large horns on your head.
A demonic guardian rushes to your aid.
You regenerate a lot of health from kills.
Your movements are significantly less encumbered by armour. (ER -6)


Message History

You hear a shout! x6
The meat berserker completely misses you.
A bag of meat comes into view. It is wielding a +9 war axe.
The meat berserker hits you with a +9 battleaxe!!!
You hear a shout! x3
Unknown command.
The bag of meat shouts!
You hit the meat berserker.
The meat berserker is lightly wounded.
A meat berserker comes into view. It is wielding a +9 battleaxe.
You hear a shout!
The meat berserker rages.
You hear a shout! x3
The bag of meat hits you with a +9 war axe!
The meat berserker hits you with a +9 battleaxe!!!
You hear a shout! x2
The meat berserker hits you with a +9 battleaxe!!!
* * * LOW HITPOINT WARNING * * *
The meat berserker hits you with a +9 battleaxe!!!!
You die... .......... .... ......... .... ......... ...O. #.......# oo... #.......# oOo.oo

.###.......###Ooo...
......###)))oO......
......_..)o@O......
..#O....#)oO....#.
#_.<._#.........
#.....#......#.#
......_............
......###.........#.
.###.. ...###......
#.. ...# ...... #.
...#


You could see 7 meat berserkers and 11 bags of meat.

Vanquished Creatures
  7 ogres (D)
  8 orcs (D)
15 creatures vanquished.

Notes
Turn   | Place    | Note
-------+----------+-------------------------------------------
     0 | D        | Found the +∞ Axe of Woe
     0 | D        | Hercules1031 the Demonspawn Warper began the quest for the
                  | Orb.
     0 | D        | Reached XP level 1. HP: 16/16 MP: 3/3
     2 | D        | Noticed a bag of meat
     3 | D        | Became a worshipper of Makhleb the Destroyer
     5 | D        | Noticed a meat berserker
     6 | D        | Noticed a bag of meat
     7 | D        | Noticed a bag of meat
     7 | D        | Noticed a bag of meat
     7 | D        | Noticed a meat berserker
     8 | D        | Killed a bag of meat
     8 | D        | Reached skill level 15 in Axes
     8 | D        | Reached skill level 5 in Armour
     8 | D        | Gained mutation: A weak demonic guardian rushes to your
                  | aid. [demonic ancestry]
     8 | D        | Reached XP level 2. HP: 45/45 MP: 5/5
     8 | D        | Reached XP level 3. HP: 51/51 MP: 6/6
     8 | D        | Reached XP level 4. HP: 58/58 MP: 7/7
     8 | D        | Gained mutation: Your movements are slightly less
                  | encumbered by armour. (ER -2) [demonic ancestry]
     8 | D        | Reached XP level 5. HP: 64/64 MP: 8/8
     8 | D        | Gained mutation: You regenerate a little health from kills.
                  | [demonic ancestry]
     8 | D        | Reached XP level 6. HP: 71/71 MP: 9/9
     8 | D        | Reached XP level 7. HP: 78/78 MP: 10/10
     8 | D        | Gained mutation: You regenerate health from kills. [demonic
                  | ancestry]
     8 | D        | Reached XP level 8. HP: 85/85 MP: 11/11
     8 | D        | Reached XP level 9. HP: 91/91 MP: 12/12
     8 | D        | Reached XP level 10. HP: 98/98 MP: 13/13
     8 | D        | Gained mutation: Your movements are less encumbered by
                  | armour. (ER -4) [demonic ancestry]
     8 | D        | Reached XP level 11. HP: 104/104 MP: 14/14
     8 | D        | Noticed a meat berserker
     8 | D        | Noticed a meat berserker
     8 | D        | Noticed a bag of meat
     9 | D        | Killed a meat berserker
     9 | D        | Reached * piety under Makhleb
     9 | D        | Gained mutation: Your movements are significantly less
                  | encumbered by armour. (ER -6) [demonic ancestry]
     9 | D        | Reached XP level 12. HP: 77/120 MP: 15/15
     9 | D        | Gained mutation: You have a pair of small horns on your
                  | head. [demonic ancestry]
     9 | D        | Reached XP level 13. HP: 82/127 MP: 16/16
     9 | D        | Noticed a bag of meat
    10 | D        | Killed a bag of meat
    10 | D        | Reached XP level 14. HP: 36/136 MP: 17/17
    10 | D        | Killed a meat berserker
    10 | D        | Reached XP level 15. HP: 39/148 MP: 18/18
    11 | D        | Reached ** piety under Makhleb
    11 | D        | Noticed a meat berserker
    11 | D        | Noticed a meat berserker
    12 | D        | Killed a meat berserker
    12 | D        | Reached skill level 10 in Armour
    12 | D        | Gained mutation: You regenerate a lot of health from kills.
                  | [demonic ancestry]
    12 | D        | Reached XP level 16. HP: 113/162 MP: 19/19
    13 | D        | Noticed a meat berserker
    14 | D        | Killed a meat berserker
    14 | D        | Reached *** piety under Makhleb
    14 | D        | Reached skill level 27 in Fighting
    14 | D        | Reached skill level 27 in Axes
    14 | D        | Gained mutation: You have a pair of horns on your head.
                  | [demonic ancestry]
    14 | D        | Reached XP level 17. HP: 174/174 MP: 20/20
    14 | D        | Killed a meat berserker
    14 | D        | Reached skill level 27 in Dodging
    15 | D        | Killed a meat berserker
    15 | D        | Gained mutation: You have a pair of large horns on your
                  | head. [demonic ancestry]
    15 | D        | Reached XP level 18. HP: 182/182 MP: 21/21
    15 | D        | Reached **** piety under Makhleb
    15 | D        | Reached skill level 27 in Armour
    15 | D        | Noticed a meat berserker
    16 | D        | Noticed a meat berserker
    16 | D        | Noticed a meat berserker
    17 | D        | Killed a meat berserker
    17 | D        | Reached skill level 15 in Invocations
    17 | D        | Gained mutation: A demonic guardian rushes to your aid.
                  | [demonic ancestry]
    17 | D        | Reached XP level 19. HP: 189/189 MP: 21/31
    17 | D        | Noticed a meat berserker
    18 | D        | Reached skill level 15 in Unarmed Combat
    19 | D        | Reached ***** piety under Makhleb
    20 | D        | Noticed a meat berserker
    22 | D        | Noticed a meat berserker
    24 | D        | Noticed a meat berserker
    24 | D        | Annihilated by a meat berserker

Levels and vault maps discovered:
D:        meatsprint

Skill      XL: |  1  2  3  4  5  6  7  8  9 10 11 12 13 14 15 16 17 18 19 |
---------------+----------------------------------------------------------+-----
Fighting       | 16 19 20 22 25 27 | 27.0
Axes           | 15 19 20 23 25 27 | 27.0
Armour         | 5 7 8 9 10 11 24 27 | 27.0
Dodging        | 14 18 19 21 23 26 27 | 27.0
Stealth        | 14 18 | 18.0
Unarmed Combat | 13 16 | 16.5
Invocations    | 17 22 | 22.0
Throwing       | |  0.8
Spellcasting   | |  2.0
Translocations | |  2.6

Action                   |  1- 3 |  4- 6 |  7- 9 | 10-12 | 13-15 | 16-18 | 19-21 || total
-------------------------+-------+-------+-------+-------+-------+-------+-------++-------
Melee: Executioner's axe |     1 |       |       |     1 |     3 |     3 |     2 ||    10
       Unarmed           |       |       |       |       |       |       |     4 ||     4
Dodge: Dodged            |       |       |       |       |       |     1 |     4 ||     5

Table legend:
 A = Non-vault XP
 B = Vault XP
 C = Vault XP percentage of total XP
 D = Non-vault monster count
 E = Vault monster count
 F = Vault count percentage of total count
                 A         B        C        D         E       F
            +---------+---------+-------+---------+---------+-------
      Total |  247480 |  170280 |  40.8 |       8 |       7 |  46.7
            +---------+---------+-------+---------+---------+-------
          D |  247480 |  170280 |  40.8 |       8 |       7 |  46.7
            +---------+---------+-------+---------+---------+-------
